 Dungeon Crawl Stone Soup version 0.31-a0-744-gbc345e7fcb (webtiles) character file.

Game seed: 1595124416501980353

234 AdnanSaban the Covered (level 6, -9/38 HPs)
             Began as a Gargoyle Fighter on Sept 13, 2023.
             Blown up by Ijyb (17 damage)
             ... with a mindburst bolt
             ... on level 3 of the Dungeon.
             The game lasted 00:02:17 (2323 turns).

AdnanSaban the Covered (Gargoyle Fighter)           Turns: 2323, Time: 00:02:17

Health: -9/38      AC: 15    Str: 22    XL:     6   Next: 5%
Magic:  6/6        EV:  8    Int:  8    God:
Gold:   203        SH:  4    Dex:  9    Spells: 5/5 levels left

rFire   . . .        a - +0 flail
rCold   . . .        c - +0 buckler
rNeg    + . .        l - +0 chain mail
rPois   ∞            k - +0 helmet
rElec   +            (no cloak)
rCorr   .            (no gloves)
SInv    .            (no boots)
Will    .....        (no amulet) Stlth
                     (no ring)
HPRegen 0.26/turn    (no ring)
MPRegen 0.10/turn

%: no passive effects
@: no status effects
A: sickness immunity, AC +4, negative energy resistance 1, electricity
resistance, torment resistance 1, petrification resistance
a: no special abilities


You were on level 3 of the Dungeon.
You visited 1 branch of the dungeon, and saw 3 of its levels.

You collected 203 gold pieces.

Inventory:

Hand Weapons
 a - a +0 flail (weapon)
Missiles
 b - 2 curare-tipped darts
 p - a poisoned dart (quivered)
Armour
 c - a +0 buckler (worn)
 k - a +0 helmet (worn)
 l - a +0 chain mail (worn)
Jewellery
 s - a +6 ring of intelligence
Wands
 r - a wand of polymorph (12)
Scrolls
 e - a scroll of teleportation {unknown}
 h - 3 scrolls of identify {unknown}
 i - a scroll of butterflies {unknown}
 m - 2 scrolls of fear {unknown}
 n - a scroll of enchant weapon {unknown}
 o - a scroll of poison {unknown}
 t - a scroll of immolation {unknown}
Potions
 d - 2 potions of might
 f - 2 potions of lignification {unknown}
 g - a potion of ambrosia {unknown}
 j - 2 potions of degeneration {unknown}
 q - a potion of enlightenment {unknown}


   Skills:
 + Level 4.2 Fighting
 + Level 3.7 Maces & Flails
 + Level 5.0 Armour
 + Level 0.6 Dodging
 + Level 0.1 Stealth
 + Level 3.7 Shields


You had 5 spell levels left.
You didn't know any spells.
Your spell library contained the following spells:

 Spells                   Type           Power      Damage    Failure   Level
 Necrotise                Necr           0%         1d4       97%         1
 Vampiric Draining        Necr           0%         2d6       100%        3
 Agony                    Necr           0%         N/A       100%        5


Dungeon Overview and Level Annotations

Branches:
Dungeon (3/15)

Altars:
Makhleb
Nemelex Xobeh
Xom

Annotations:
D:3 2 transporters, Ijyb


Innate Abilities, Weirdness & Mutations

You are immune to sickness and miasma.
Your stone body is resilient. (AC +4)
You are immune to poison.
You resist negative energy. (rN+)
You are resistant to electric shocks. (rElec)
You are resistant to unholy torment.
You are immune to petrification.


Message History

a +0 dagger; a +0 robe; an orc corpse
Found a whip.
Found a burning altar of Makhleb.
Ijyb the Twisted Goblin comes into view.
She is wielding a +4 club, wearing a +2 ring mail of cold resistance and carrying a wand of mindburst.
Ijyb shouts!
Ijyb is nearby!
You throw a poisoned dart. The poisoned dart hits Ijyb.
You throw a poisoned dart. The poisoned dart barely misses Ijyb.
You throw a poisoned dart. The poisoned dart hits Ijyb.
Ijyb zaps a wand.
You barely resist. You throw a poisoned dart.
The poisoned dart closely misses Ijyb.
You hit Ijyb but do no damage. You block Ijyb's attack.
You closely miss Ijyb. Ijyb hits you with a +4 club.
You hit Ijyb but do no damage. Ijyb barely misses you. x2
You hit Ijyb.
Ijyb is lightly wounded.
You block Ijyb's attack.
You hit Ijyb but do no damage.
Ijyb is lightly wounded.
Ijyb hits you with a +4 club.
You closely miss Ijyb.
Ijyb is lightly wounded.
Ijyb hits you with a +4 club.
You hit Ijyb.
Ijyb is moderately wounded.
Ijyb hits you but does no damage.
Ijyb zaps a wand.
Your mind is blasted!
* * * LOW HITPOINT WARNING * * *
You hit Ijyb but do no damage.
Ijyb is moderately wounded.
Ijyb barely misses you.
You barely miss Ijyb.
Ijyb is moderately wounded.
You block Ijyb's attack.
You closely miss Ijyb.
Ijyb is moderately wounded.
Ijyb hits you but does no damage.
Unknown command.
You hit Ijyb but do no damage.
Ijyb is moderately wounded.
Ijyb zaps a wand.
Your mind is blasted!
You die...

..).'.##.#
#......)..#
....#....#
#.#########
....###..## #.#
##### ##..## #.#
#...# #.# #...##
#.# ###..# #.#
##.####.#
###########....#@#
..........†.....g#
##########.####.(#
.)...5#P8#.# #.>#
≈≈≈≈≈≈#.P#.# #..(#
.~~~.$#..#..# .._..
.P⌠~..+/©#©.......
.~~~..#..#..##..(..
≈≈≈≈≈≈#.P#.##


You could see Ijyb.

Vanquished Creatures
  A scorpion (D:3)
  Jessica (D:3)
  An iguana (D:3)
  An orc wizard (D:3)
  Terence (D:2)
  3 adders
  A dart slug (D:3)
  4 orcs (D:3)
  2 endoplasms
  2 giant cockroaches (D:1)
  4 hobgoblins
  2 quokkas
  7 ball pythons
  5 bats
  3 frilled lizards (D:3)
  6 goblins
  5 kobolds
  5 rats
54 creatures vanquished.

Notes
Turn   | Place    | Note
-------+----------+-------------------------------------------
     0 | D:1      | AdnanSaban the Gargoyle Fighter began the quest for the
                  | Orb.
     0 | D:1      | Reached XP level 1. HP: 14/14 MP: 1/1
   118 | D:1      | Reached XP level 2. HP: 19/19 MP: 2/2
   839 | D:2      | Reached XP level 3. HP: 23/23 MP: 3/3
   980 | D:2      | Found a shimmering altar of Xom.
  1227 | D:2      | Noticed Terence
  1243 | D:2      | Killed Terence
  1244 | D:2      | Reached XP level 4. HP: 5/29 MP: 4/4
  1688 | D:3      | Noticed a scorpion
  1705 | D:3      | Killed a scorpion
  1706 | D:3      | Reached skill level 4 in Armour
  1706 | D:3      | Reached XP level 5. HP: 8/33 MP: 5/5
  1972 | D:3      | Noticed Jessica
  1991 | D:3      | Killed Jessica
  2075 | D:3      | Found a sparkling altar of Nemelex Xobeh.
  2155 | D:3      | Found a transporter.
  2174 | D:3      | Found a transporter.
  2270 | D:3      | Reached skill level 5 in Armour
  2270 | D:3      | Reached XP level 6. HP: 31/38 MP: 6/6
  2306 | D:3      | Found a burning altar of Makhleb.
  2307 | D:3      | Noticed Ijyb
  2323 | D:3      | Blown up by Ijyb

Illustrated notes

Levels and vault maps discovered:
D:1:      dpeg_arrival_arbitrary_b, layout_basic
D:2:      layout_loops_ring, basic_altar, uniq_terence
D:3:      gammafunk_wand_slinger, layout_basic, bloody_makhleb,
          nemelex_xobeh_ov_fountains_minmay, kennysheep_generic_room_7,
          uniq_ijyb, uniq_jessica

Skill      XL: |  1  2  3  4  5 |
---------------+----------------+-----
Fighting       | 4 |  4.2
Maces & Flails | 3 |  3.7
Armour         | 4 5 |  5.0
Dodging        | |  0.6
Stealth        | |  0.1
Shields        | |  3.7

Action                     |  1- 3 |  4- 6 || total
---------------------------+-------+-------++-------
  Melee: Flail             |   103 |   120 ||   223
         Unarmed           |       |     7 ||     7
  Throw: Dart              |       |     4 ||     4
 Armour: Scale mail        |    45 |       ||    45
         Chain mail        |    30 |   109 ||   139
         Skin              |       |     1 ||     1
  Dodge: Dodged            |    54 |    48 ||   102
  Block: Buckler           |    19 |    20 ||    39

Table legend: (Time is in decaauts)
 A = Elapsed time spent in this place.
 B = Non-inter-level travel time spent in this place.
 C = Inter-level travel time spent in this place.
 D = Time resting spent in this place.
 E = Time spent auto-exploring this place.
 F = Levels seen in this place.
 G = Mean time per level.
                   A        B        C        D        E       F      G
               +--------+--------+--------+--------+--------+-----+--------+
         Total |   2374 |   2233 |    141 |      0 |   1724 |   3 |  791.3 |
       Dungeon |   2374 |   2233 |    141 |      0 |   1724 |   3 |  791.3 |
               +--------+--------+--------+--------+--------+-----+--------+

Top non-repeatable levels by time:
     D:1: 834 daAuts
     D:2: 825 daAuts
     D:3: 714 daAuts
